3L
DETROIT RENAISSANCE @ TOLEDO STINGERS
08/30/2030
 
TOP OF THE 1ST
Detroit Renaissance batting - Pitching for Toledo Stingers : RHP Rob Silva
Pitching: RHP Rob Silva
Batting: RHB Steve Irwin 0-0: Swinging Strike
0-1: Ball
1-1: Ball
2-1: Foul Ball, location: 2F
2-2: SINGLE (Groundball, 6MD)
Batting: RHB Won-min Yi 0-0: Ball
1-0: Ball
2-0: Foul Ball, location: 2F
2-1: Ball
3-1: Grounds into double play, 5-4-3 (Groundball, 56)
Batting: RHB Eric D'Angle 0-0: Ball
1-0: Foul Ball, location: 2F
1-1: Ball
2-1: Fly out, F6 (Popup, 6)
Top of the 1st over - 0 runs, 1 hit, 0 errors, 0 left on base; Detroit 0 - Toledo 0
BOTTOM OF THE 1ST
Toledo Stingers batting - Pitching for Detroit Renaissance : RHP Javier Castillo
Pitching: RHP Javier Castillo
Batting: SHB Dylan Carson 0-0: Ball
1-0: Ground out 4-3 (Groundball, 4)
Batting: RHB Tamasaburo Kato 0-0: Called Strike
0-1: Ball
1-1: Called Strike
Error on foul ball, E3
1-2: Ball
2-2: Ground out 6-3 (Groundball, 56)
Batting: RHB Alfredo Martínez 0-0: Called Strike
0-1: Ball
1-1: Ball
2-1: Fly out, F9 (Flyball, 9)
Bottom of the 1st over - 0 runs, 0 hits, 1 error, 0 left on base; Detroit 0 - Toledo 0
TOP OF THE 2ND
Detroit Renaissance batting - Pitching for Toledo Stingers : RHP Rob Silva
Batting: RHB Quincy van Enk 0-0: Called Strike
0-1: Foul Ball, location: 2F
0-2: Strikes out swinging
Batting: LHB Lance Antle 0-0: Foul Ball, location: 2F
0-1: Ball
1-1: Ball
2-1: SINGLE (Line Drive, 6MD)
Batting: LHB Elian Gonzalez 0-0: Ball
1-0: Foul Ball, location: 2F
1-1: Ball
2-1: Foul Ball, location: 2F
2-2: 2-RUN HOME RUN (Flyball, 9LD), Distance : 373 ft
Batting: LHB Alexis Raimbault 0-0: Foul Ball, location: 2F
0-1: Ball
1-1: Foul Ball, location: 2F
1-2: Strikes out swinging
Batting: LHB Eric Thackston 0-0: Ball
1-0: Ball
2-0: Ball
3-0: Called Strike
3-1: SINGLE (Groundball, 34D)
Batting: RHB Sixto Estrada 0-0: Ball
1-0: Called Strike
1-1: Called Strike
1-2: Ball
2-2: SINGLE (Line Drive, 8RS)
Eric Thackston to second
Batting: RHB Steve Irwin 0-0: Ball
1-0: Fielders Choice at 2nd, 5-4 (Groundball, 56)
Top of the 2nd over - 2 runs, 4 hits, 0 errors, 2 left on base; Detroit 2 - Toledo 0
BOTTOM OF THE 2ND
Toledo Stingers batting - Pitching for Detroit Renaissance : RHP Javier Castillo
Batting: LHB Tural Bishara 0-0: Ball
1-0: SINGLE (Line Drive, 78S)
Batting: LHB Rafael Sánchez 0-0: Foul Ball, location: 2F
0-1: Ball
1-1: Foul Ball, location: 2F
1-2: Fly out, F6 (Line Drive, 6)
Batting: SHB Tsing Guao 0-0: Called Strike
0-1: Called Strike
Tural Bishara steals 2nd base
0-2: Foul Ball, location: 2F
0-2: Reached on error, E4 (Groundball, 34)
Tural Bishara to third
Batting: RHB Brett Callison 0-0: Swinging Strike
0-1: Foul Ball, location: 2F
0-2: Ball
1-2: Ball
2-2: Ball
3-2: Fielders Choice at 2nd, 6-4 (Groundball, 6)
Tural Bishara scores
Batting: RHB Héctor Rivera 0-0: Swinging Strike
0-1: Ball
1-1: Ball
2-1: Foul Ball, location: 2F
2-2: Foul Ball, location: 2F
2-2: Ball
3-2: SINGLE (Groundball, 6MD)
Brett Callison to second
Brett Callison to third
Batting: RHB Mike Burns 0-0: Swinging Strike
0-1: Foul Ball, location: 2F
0-2: Strikes out swinging
Bottom of the 2nd over - 1 run, 2 hits, 1 error, 2 left on base; Detroit 2 - Toledo 1
TOP OF THE 3RD
Detroit Renaissance batting - Pitching for Toledo Stingers : RHP Rob Silva
Batting: RHB Won-min Yi 0-0: Ball
1-0: Fly out, F7 (Line Drive, 7)
Batting: RHB Eric D'Angle 0-0: Reached on error, E6 (Groundball, 6)
Batting: RHB Quincy van Enk 0-0: Ball
1-0: Called Strike
1-1: Ball
2-1: Ground out U3 (Groundball, 34S)
Eric D'Angle to second
Batting: LHB Lance Antle 0-0: Swinging Strike
0-1: Ball
1-1: SINGLE (Groundball, 6MD)
Eric D'Angle to third
Runner from 3rd tries for Home, SAFE, no throw
Batting: LHB Elian Gonzalez 0-0: Called Strike
0-1: Foul Ball, location: 2F
0-2: Ball
1-2: Foul Ball, location: 2F
1-2: Ball
2-2: Strikes out swinging
Top of the 3rd over - 1 run, 1 hit, 1 error, 1 left on base; Detroit 3 - Toledo 1
BOTTOM OF THE 3RD
Toledo Stingers batting - Pitching for Detroit Renaissance : RHP Javier Castillo
Batting: SHB Dylan Carson 0-0: Foul Ball, location: 2F
0-1: Ball
1-1: Fly out, F2 (Popup, 2RF)
Batting: RHB Tamasaburo Kato 0-0: Called Strike
0-1: Swinging Strike
0-2: Ball
1-2: Ball
2-2: Ground out 6-3 (Groundball, 6)
Batting: RHB Alfredo Martínez 0-0: Ball
1-0: Foul Ball, location: 2F
1-1: Ball
2-1: Ball
3-1: Swinging Strike
3-2: Foul Ball, location: 2F
3-2: SINGLE (Line Drive, 6D)
Batting: LHB Tural Bishara 0-0: Ball
1-0: SINGLE (Groundball, 34S) (infield hit)
Alfredo Martínez to second
Batting: LHB Rafael Sánchez 0-0: Foul Ball, location: 2F
0-1: Foul Ball, location: 2F
0-2: Strikes out swinging
Bottom of the 3rd over - 0 runs, 2 hits, 0 errors, 2 left on base; Detroit 3 - Toledo 1
TOP OF THE 4TH
Detroit Renaissance batting - Pitching for Toledo Stingers : RHP Rob Silva
Batting: LHB Alexis Raimbault 0-0: Ball
1-0: Swinging Strike
1-1: Foul Ball, location: 2F
1-2: Ground out 4-3 (Groundball, 4)
Batting: LHB Eric Thackston 0-0: Ball
1-0: Called Strike
1-1: SOLO HOME RUN (Flyball, 9LD), Distance : 368 ft
Batting: RHB Sixto Estrada 0-0: Ball
1-0: Called Strike
1-1: Fly out, F8 (Flyball, 78D)
Batting: RHB Steve Irwin 0-0: Ball
1-0: Foul Ball, location: 2F
1-1: Ball
2-1: Ball
3-1: Called Strike
3-2: Strikes out swinging
Top of the 4th over - 1 run, 1 hit, 0 errors, 0 left on base; Detroit 4 - Toledo 1
BOTTOM OF THE 4TH
Toledo Stingers batting - Pitching for Detroit Renaissance : RHP Javier Castillo
Batting: SHB Tsing Guao 0-0: Ball
1-0: Foul Ball, location: 2F
1-1: Foul Ball, location: 2F
1-2: Ball
2-2: Fly out, F8 (Line Drive, 8RM)
Batting: RHB Brett Callison 0-0: Fly out, F9 (Flyball, 9LSF)
Batting: RHB Héctor Rivera 0-0: Swinging Strike
0-1: Foul Ball, location: 2F
0-2: Strikes out looking
Bottom of the 4th over - 0 runs, 0 hits, 0 errors, 0 left on base; Detroit 4 - Toledo 1
TOP OF THE 5TH
Detroit Renaissance batting - Pitching for Toledo Stingers : RHP Rob Silva
Batting: RHB Won-min Yi 0-0: Swinging Strike
0-1: Fly out, F7 (Line Drive, 78M)
Batting: RHB Eric D'Angle 0-0: Foul Ball, location: 2F
0-1: Ball
1-1: Ball
2-1: Fly out, F8 (Line Drive, 78M)
Batting: RHB Quincy van Enk 0-0: Called Strike
0-1: Ball
1-1: Fly out, F3 (Popup, 3SF)
Top of the 5th over - 0 runs, 0 hits, 0 errors, 0 left on base; Detroit 4 - Toledo 1
BOTTOM OF THE 5TH
Toledo Stingers batting - Pitching for Detroit Renaissance : RHP Javier Castillo
Batting: RHB Mike Burns 0-0: Called Strike
0-1: SINGLE (Groundball, 25) (infield hit)
Batting: SHB Dylan Carson 0-0: SINGLE (Groundball, 56S) (infield hit)
Mike Burns to second
Batting: RHB Tamasaburo Kato 0-0: Ball
1-0: Foul Ball, location: 2F
1-1: SINGLE (Groundball, 56S) (infield hit)
Mike Burns to third
Dylan Carson to second
Batting: RHB Alfredo Martínez 0-0: Foul Ball, location: 2F
0-1: Ball
1-1: SINGLE (Groundball, 34D)
Mike Burns scores
Dylan Carson to third
Tamasaburo Kato to second
Runner from 3rd tries for Home, SAFE, throw made home
Batting: LHB Tural Bishara 0-0: Ball
1-0: Foul Ball, location: 2F
1-1: Foul Ball, location: 2F
1-2: 3-RUN HOME RUN (Line Drive, 9LD), Distance : 367 ft
Batting: LHB Rafael Sánchez 0-0: Swinging Strike
0-1: Fly out, F3 (Popup, 3)
Batting: SHB Tsing Guao 0-0: Ball
1-0: Ball
2-0: Ball
3-0: Base on Balls
Batting: RHB Brett Callison 0-0: Ball
1-0: Ball
2-0: Ball
3-0: Base on Balls
Tsing Guao to second
Batting: RHB Héctor Rivera 0-0: Ball
1-0: Ball
2-0: Ball
3-0: Base on Balls
Tsing Guao to third
Brett Callison to second
Batting: RHB Mike Burns 0-0: Swinging Strike
0-1: Swinging Strike
0-2: Strikes out looking
Batting: SHB Dylan Carson 0-0: Called Strike
0-1: Ball
1-1: Fly out, F4 (Popup, 23)
Bottom of the 5th over - 5 runs, 5 hits, 0 errors, 3 left on base; Detroit 4 - Toledo 6
TOP OF THE 6TH
Detroit Renaissance batting - Pitching for Toledo Stingers : RHP Rob Silva
Batting: LHB Lance Antle 0-0: Called Strike
0-1: Ball
1-1: Foul Ball, location: 2F
1-2: Ball
2-2: Foul Ball, location: 2F
2-2: Foul Ball, location: 2F
2-2: Ball
3-2: Base on Balls
Batting: LHB Elian Gonzalez 0-0: Ball
1-0: Fly out, F8 (Flyball, 89D)
Batting: LHB Alexis Raimbault 0-0: SINGLE (Groundball, 4MD)
Lance Antle to second
Runner from 2nd tries for 3rd, SAFE, no throw
Batting: LHB Eric Thackston 0-0: Ball
1-0: Swinging Strike
1-1: Swinging Strike
1-2: Foul Ball, location: 2F
1-2: Foul Ball, location: 2F
1-2: Strikes out swinging
Batting: RHB Sixto Estrada 0-0: Ball
1-0: Foul Ball, location: 2F
1-1: Ball
2-1: Foul Ball, location: 2F
2-2: SINGLE (Line Drive, 4D)
Lance Antle scores
Alexis Raimbault to second
Runner from 2nd tries for 3rd, SAFE, no throw
Batting: RHB Steve Irwin 0-0: Ball
1-0: Ball
2-0: Swinging Strike
2-1: Foul Ball, location: 2F
2-2: Strikes out swinging
Top of the 6th over - 1 run, 2 hits, 0 errors, 2 left on base; Detroit 5 - Toledo 6
BOTTOM OF THE 6TH
Toledo Stingers batting - Pitching for Detroit Renaissance : RHP Javier Castillo
Batting: RHB Tamasaburo Kato 0-0: Ball
1-0: Foul Ball, location: 2F
1-1: Ball
2-1: Ground out 6-3 (Groundball, 6)
Batting: RHB Alfredo Martínez 0-0: Ball
1-0: Foul Ball, location: 2F
1-1: Ball
2-1: SINGLE (Groundball, 56D)
Batting: LHB Tural Bishara 0-0: Ball
1-0: Ball
2-0: Foul Ball, location: 2F
2-1: Fly out, F6 (Popup, 6M)
Batting: LHB Rafael Sánchez 0-0: Ball
Alfredo Martínez steals 2nd base
1-0: Ball
2-0: DOUBLE (Line Drive, 89XD)
Alfredo Martínez scores
Pitching: RHP Felipe Aiba
Batting: SHB Tsing Guao 0-0: Called Strike
0-1: Ball
1-1: Swinging Strike
1-2: Ball
2-2: Ball
3-2: Base on Balls
Batting: RHB Brett Callison 0-0: Called Strike
0-1: Ball
1-1: Ball
2-1: Ball
3-1: Base on Balls
Rafael Sánchez to third
Tsing Guao to second
Batting: RHB Héctor Rivera 0-0: Ground out 1-3 (Groundball, 13)
Bottom of the 6th over - 1 run, 2 hits, 0 errors, 3 left on base; Detroit 5 - Toledo 7
TOP OF THE 7TH
Detroit Renaissance batting - Pitching for Toledo Stingers : RHP Rob Silva
Batting: RHB Won-min Yi 0-0: Ball
1-0: Called Strike
1-1: Ball
2-1: Swinging Strike
2-2: Strikes out swinging
Batting: RHB Eric D'Angle 0-0: Fly out, F7 (Flyball, 78D)
Batting: RHB Quincy van Enk 0-0: Ball
1-0: Foul Ball, location: 2F
1-1: Swinging Strike
1-2: Hit by Pitch
Pitching: RHP Kyung-un Yi
Batting: LHB Lance Antle 0-0: Called Strike
0-1: Called Strike
0-2: Ball
1-2: Ball
2-2: Foul Ball, location: 2F
2-2: Fly out, F8 (Flyball, 8RD)
Top of the 7th over - 0 runs, 0 hits, 0 errors, 1 left on base; Detroit 5 - Toledo 7
BOTTOM OF THE 7TH
Toledo Stingers batting - Pitching for Detroit Renaissance : RHP Felipe Aiba
Batting: RHB Mike Burns 0-0: Called Strike
0-1: Ball
1-1: Foul Ball, location: 2F
1-2: Ball
2-2: Ground out 6-3 (Groundball, 6D)
Batting: SHB Dylan Carson 0-0: Ball
1-0: Swinging Strike
1-1: Ball
2-1: Called Strike
2-2: Foul Ball, location: 2F
2-2: Strikes out swinging
Batting: RHB Tamasaburo Kato 0-0: Ball
1-0: Ball
2-0: Ball
3-0: Called Strike
3-1: Base on Balls
Batting: RHB Alfredo Martínez 0-0: Called Strike
0-1: Ball
1-1: Ball
2-1: Fly out, F9 (Flyball, 9)
Bottom of the 7th over - 0 runs, 0 hits, 0 errors, 1 left on base; Detroit 5 - Toledo 7
TOP OF THE 8TH
Detroit Renaissance batting - Pitching for Toledo Stingers : RHP Kyung-un Yi
Batting: LHB Elian Gonzalez 0-0: Called Strike
0-1: Swinging Strike
0-2: Strikes out looking
Batting: LHB Alexis Raimbault 0-0: Swinging Strike
0-1: Ball
1-1: Foul Ball, location: 2F
1-2: Ball
2-2: Strikes out looking
Batting: LHB Eric Thackston 0-0: Ball
1-0: Ball
2-0: Ball
3-0: Base on Balls
Pinch Runner at 1st Takashi Miike:
Batting: RHB Sixto Estrada 0-0: Swinging Strike
0-1: Ball
1-1: Ball
2-1: Foul Ball, location: 2F
2-2: Foul Ball, location: 2F
2-2: SINGLE (Groundball, 34) (infield hit)
Takashi Miike to second
Pinch Hitting: SHB Shiki Sanu 0-0: Ball
1-0: Called Strike
1-1: Foul Ball, location: 2F
1-2: Ball
2-2: Ball
3-2: Foul Ball, location: 2F
3-2: 3-RUN HOME RUN (Flyball, 9D), Distance : 408 ft
Pitching: RHP Garrett Harrington
Batting: RHB Won-min Yi 0-0: Ball
1-0: SINGLE (Line Drive, 8LS)
Batting: RHB Eric D'Angle 0-0: Called Strike
0-1: Fly out, F9 (Flyball, 9S)
Top of the 8th over - 3 runs, 3 hits, 0 errors, 1 left on base; Detroit 8 - Toledo 7
BOTTOM OF THE 8TH
Toledo Stingers batting - Pitching for Detroit Renaissance : RHP Felipe Aiba
Pitching: RHP Jimmy O'Flahavan
Now at 3B: Shiki Sanu
Now at SS: Takashi Miike
Batting: LHB Tural Bishara 0-0: Fly out, F8 (Flyball, 8LXD)
Batting: LHB Rafael Sánchez 0-0: SOLO HOME RUN (Flyball, 9D), Distance : 383 ft
Batting: SHB Tsing Guao 0-0: Called Strike
0-1: SOLO HOME RUN (Flyball, 9LD), Distance : 353 ft
Batting: RHB Brett Callison 0-0: Ball
1-0: Called Strike
1-1: Foul Ball, location: 2F
1-2: Ball
2-2: Foul Ball, location: 2F
2-2: Foul Ball, location: 2F
2-2: Ball
3-2: SINGLE (Flyball, 7S)
Batting: RHB Héctor Rivera 0-0: Called Strike
0-1: Swinging Strike
0-2: Ball
1-2: Ball
2-2: Foul Ball, location: 2F
2-2: Ball
3-2: 2-RUN HOME RUN (Flyball, 9D), Distance : 397 ft
Pitching: RHP Lyle Lanley
Batting: RHB Mike Burns 0-0: SINGLE (Groundball, 34S) (infield hit)
Batting: SHB Dylan Carson 0-0: Ball
1-0: Called Strike
1-1: Ball
2-1: Swinging Strike
2-2: Ball
3-2: Fly out, F7 (Flyball, 7D)
Batting: RHB Tamasaburo Kato 0-0: Foul Ball, location: 2F
0-1: Ball
Wild Pitch!
Mike Burns to second
1-1: Foul Ball, location: 2F
1-2: Ball
2-2: Ball
3-2: Ground out 5-3 (Groundball, 5D)
Bottom of the 8th over - 4 runs, 5 hits, 0 errors, 1 left on base; Detroit 8 - Toledo 11
TOP OF THE 9TH
Detroit Renaissance batting - Pitching for Toledo Stingers : RHP Garrett Harrington
Pitching: LHP An Jang-Yop
Batting: RHB Quincy van Enk 0-0: Called Strike
0-1: Foul Ball, location: 2F
0-2: SINGLE (Line Drive, 4MD)
Batting: LHB Lance Antle 0-0: Foul Ball, location: 2F
0-1: Foul Ball, location: 2F
0-2: Strikes out swinging
Batting: LHB Elian Gonzalez 0-0: Swinging Strike
0-1: Ball
1-1: Swinging Strike
1-2: Foul Ball, location: 2F
1-2: Strikes out swinging
Batting: LHB Alexis Raimbault 0-0: Ball
1-0: Foul Ball, location: 2F
1-1: Ball
2-1: Foul Ball, location: 2F
2-2: Ball
3-2: Strikes out swinging
Top of the 9th over - 0 runs, 1 hit, 0 errors, 1 left on base; Detroit 8 - Toledo 11
Sunday, March 18th, 2018 - OOTP Baseball 18.8 Build 76